 Dungeon Crawl Stone Soup version 0.29-a0-338-g1ff7896281 (webtiles) character file.

Game seed: 15589237641490039178

12922 kevlar127 the Thrower (level 11, -10/115 HPs)
             Began as a Troll Berserker on Apr 17, 2022.
             Was an Elder of Trog.
             Mangled by a nine-headed hydra (11 damage)
             ... on level 12 of the Dungeon.
             The game lasted 02:03:53 (13254 turns).

kevlar127 the Thrower (Troll Berserker)            Turns: 13254, Time: 02:03:53

Health: -10/115    AC: 10    Str: 35    XL:     11   Next: 68%
Magic:  0/10       EV:  7    Int:  2    God:    Trog [****..]
Gold:   258        SH: 15    Dex:  9    Spells: 10/10 levels left

rFire   + . .      SeeInvis .     - Unarmed
rCold   + . .      Faith    .   P - +3 tower shield of a volcano {rC+ Will- Str+4 Int+3}
rNeg    + + +      Spirit   +   K - +2 robe {Will+}
rPois   .          Reflect  .   (helmet restricted)
rElec   .          Harm     .   (no cloak)
rCorr   .          Rampage  .   (gloves unavailable)
Will    +++..                   (boots unavailable)
Stlth   +.........              l - amulet of guardian spirit
HPRegen 2.09/turn               m - ring of protection from fire
MPRegen 0.12/turn               I - ring of Autumn {rN+++ AC+4 Int-4 Slay+3}

@: about to teleport, strong-willed, on berserk cooldown, regenerating, slowed,
studying 2 skills, very slow
A: large, unfitting armour, claws 3, regeneration 1, shaggy fur 1, tough skin 1,
hooves 1, deterioration 1, strong-willed 1
a: Renounce Religion, Berserk, Trog's Hand, Brothers in Arms


You were on level 12 of the Dungeon.
You worshipped Trog.
Trog was greatly pleased with you.
You visited 2 branches of the dungeon, and saw 13 of its levels.
You also visited: Bailey.

You collected 1136 gold pieces.
You spent 878 gold pieces at shops.

Inventory:

Missiles
 o - 7 javelins
 y - 26 poisoned darts
 G - 13 boomerangs (quivered)
 N - a throwing net
 Q - a large rock
Armour
 K - a +2 robe of willpower (worn)
 P - the +3 tower shield of a volcano (worn) {rC+ Will- Str+4 Int+3}
   (You acquired it on level 8 of the Dungeon)

   Str:       It affects your strength (+4).
   Int:       It affects your intelligence (+3).
   rC:        It protects you from cold.
   Will:      It decreases your willpower.
Jewellery
 b - a ring of fire
 k - a ring of resist corrosion
 l - an amulet of guardian spirit (around neck)
 m - a ring of protection from fire (left claw)
 s - a +4 ring of slaying
 D - a +6 ring of intelligence
 I - the ring of Autumn (right claw) {rN+++ AC+4 Int-4 Slay+3}
   (You found it on level 7 of the Dungeon)

   [ring of protection]

   AC:        It affects your AC (+4).
   Int:       It affects your intelligence (-4).
   Slay:      It affects your accuracy & damage with ranged weapons and melee
   (+3).
   rN:        It renders you almost immune to negative energy.
Wands
 e - a wand of acid (3)
 C - a wand of digging (7)
 L - a wand of flame (41)
 O - a wand of mindburst (7)
Scrolls
 a - a scroll of silence {unknown}
 d - a scroll of fog {unknown}
 i - a scroll of identify
 j - 2 scrolls of magic mapping
 p - 2 scrolls of vulnerability
 r - 5 scrolls of teleportation
 t - a scroll of torment {unknown}
 u - 2 scrolls of noise
 v - 2 scrolls of acquirement
 w - 2 scrolls of fear
 J - a scroll of blinking {unknown}
 M - 3 scrolls of enchant armour
 S - a scroll of summoning {unknown}
Potions
 c - 7 potions of curing
 f - 3 potions of attraction
 g - 6 potions of brilliance
 h - 2 potions of haste
 n - 2 potions of lignification
 q - 2 potions of degeneration
 x - 2 potions of invisibility
 z - 2 potions of might
 A - 3 potions of resistance
 B - 4 potions of heal wounds
 E - 5 potions of flight
 F - a potion of berserk rage
 H - a potion of cancellation
 T - a potion of ambrosia {unknown}
Miscellaneous
 R - a phial of floods


   Skills:
 + Level 9.3 Fighting
 + Level 11.2 Throwing
 - Level 2.4 Dodging
 * Level 5.8 Shields
 + Level 11.0 Unarmed Combat


You had 10 spell levels left.
You didn't know any spells.
Your spell library contained the following spells:

 Spells                   Type           Power      Damage    Failure   Level
 Animate Skeleton         Necr           0%         N/A       98%         1
 Pain                     Necr           0%         1d4       98%         1
 Sting                    Tmut/Pois      0%         1d3       98%         1
 Poisonous Vapours        Pois/Air       0%         N/A       99%         2
 Conjure Flame            Conj/Fire      0%         6-21      100%        3
 Ignite Poison            Fire/Tmut/Pois 0%         N/A       100%        3
 Vampiric Draining        Necr           0%         2d6       100%        3
 Olgreb's Toxic Radiance  Pois           0%         N/A       100%        4
 Sticky Flame             Conj/Fire      0%         2d3       100%        4


Dungeon Overview and Level Annotations

Branches:
Dungeon (12/15)            Temple (1/1) D:4            Lair (0/6) D:11
    Orc (0/2) D:9          Bailey (visited)

Altars:
Ashenzari
Cheibriados
Dithmenos
Elyvilon
Fedhas
Gozag
Hepliaklqana
Kikubaaqudgha
Makhleb
Nemelex Xobeh
Okawaru
Qazlal
Ru
Sif Muna
Trog
Uskayaw
Vehumet
Wu Jian
Xom
Yredelemnul
Zin
The Shining One

Shops:
D:1 ?   D:3 [   D:4 :


Innate Abilities, Weirdness & Mutations

You are too large for most types of armour.
You have claws for hands.
Your natural rate of healing is unusually fast.
You are covered in fur. (AC +1)
You have tough skin. (AC +1)
You have large cloven feet.
Your body sometimes deteriorates upon taking damage.
You are strong-willed. (Will+)


Message History

You kick the nine-headed hydra.
The nine-headed hydra is moderately wounded.
The nine-headed hydra bites you.
The nine-headed hydra bites you but does no damage.
The nine-headed hydra bites you.
You block the nine-headed hydra's attack.
The nine-headed hydra barely misses you.
You block the nine-headed hydra's attack.
The nine-headed hydra bites you.
The nine-headed hydra bites you but does no damage. x2
The nine-headed hydra bites you! x2
The nine-headed hydra bites you but does no damage.
The nine-headed hydra bites you! x2
The nine-headed hydra closely misses you.
You block the nine-headed hydra's attack.
The nine-headed hydra bites you but does no damage.
The nine-headed hydra bites you.
Okay, then.
As you read the scroll of teleportation, it crumbles to dust.
You feel strangely unstable.
The nine-headed hydra barely misses you.
The nine-headed hydra bites you! The nine-headed hydra bites you.
The nine-headed hydra bites you but does no damage.
You block the nine-headed hydra's attack.
The nine-headed hydra bites you.
* * * LOW HITPOINT WARNING * * *
The nine-headed hydra bites you!
* * * LOW HITPOINT WARNING * * *
You block the nine-headed hydra's attack.
The nine-headed hydra bites you!
* * * LOW HITPOINT WARNING * * *
The nine-headed hydra bites you but does no damage.
The nine-headed hydra barely misses you.
You block the nine-headed hydra's attack.
The nine-headed hydra bites you!
* * * LOW HITPOINT WARNING * * *
The nine-headed hydra bites you!
* * * LOW HITPOINT WARNING * * *
The nine-headed hydra bites you!
You die...

###.......
##.........
##..........
#...........
#...........
#...(.......
#.....$...#
#.........#.
##...@.......
#..).D......#
##..........#
#..........#
#..........#
####......$#
#........
#^.......
....#..


You could see a nine-headed hydra.

Vanquished Creatures
  An ettin (D:12)
  A two-headed ogre (D:11)
  3 death yaks (D:11)
  Pikel (D:7)
  A deep elf pyromancer (D:8)
  An orc knight (Bailey)
  A manticore (D:11)
  2 cyclopes
  2 gargoyles
  A komodo dragon (D:11)
  5 trolls
  A hornet (D:10)
  Sigmund (D:5)
  3 yaks (D:9)
  A human (D:9)
  9 orc warriors
  2 sky beasts
  11 centaurs
  2 lemures (D:7)
  A phantom (D:4)
  A kobold brigand (D:10)
  Blork the orc (D:4)
  A bullfrog (D:8)
  A gnoll sergeant (D:6)
  3 necrophages
  4 scorpions (D:5)
  A water moccasin zombie (D:4)
  4 wights (D:5)
  13 killer bees
  A water moccasin skeleton (D:4)
  4 howler monkeys
  A crimson imp (D:3)
  A bullfrog zombie (D:4)
  4 jellies
  A human zombie (D:9)
  5 orc priests
  3 hounds
  A gnoll shaman (D:3)
  2 iguanas
  4 orc wizards
  A scorpion zombie (D:4)
  Ijyb (D:4)
  A hell rat (D:11)
  A hound zombie (D:4)
  2 hound skeletons (D:4)
  A river rat (D:11)
  3 adders
  15 gnolls
  A shadow imp (D:7)
  A white imp (D:7)
  An adder zombie (D:4)
  An adder skeleton (D:4)
  A worm (D:2)
  2 dart slugs
  32 orcs
  5 bats
  11 endoplasms
  2 giant cockroaches
  18 goblins
  3 hobgoblins
  5 quokkas
  6 ball pythons
  3 frilled lizards
  A goblin zombie (D:9)
  A jackal skeleton (D:4)
  26 kobolds
  6 rats
  3 bushes (D:1)
260 creatures vanquished.

Vanquished Creatures (others)
  2 withered plants (D:4)
2 creatures vanquished.

Grand Total: 262 creatures vanquished

Notes
Turn   | Place    | Note
-------+----------+-------------------------------------------
     0 | D:1      | kevlar127 the Troll Berserker began the quest for the Orb.
     0 | D:1      | Reached XP level 1. HP: 22/22 MP: 0/0
   223 | D:1      | Reached XP level 2. HP: 27/29 MP: 1/1
   263 | D:1      | Found Maemp's Magic Scroll Boutique.
   823 | D:1      | Found a faded altar of an unknown god.
  1155 | D:2      | Reached XP level 3. HP: 36/36 MP: 2/2
  1191 | D:2      | Reached ** piety under Trog
  1350 | D:2      | Reached skill level 1 in Throwing
  1671 | D:1      | Bought a scroll of noise for 13 gold pieces
  1671 | D:1      | Bought a scroll of identify for 26 gold pieces
  1671 | D:1      | Bought a scroll of teleportation for 39 gold pieces
  1773 | D:3      | Found a transporter.
  1777 | D:3      | Found a transporter.
  1777 | D:3      | Noticed an orc warrior
  1783 | D:3      | Found a glowing golden altar of the Shining One.
  1784 | D:3      | Found the dreamshard necklace {*Dream Drain}
  1837 | D:3      | Found Nibbeu's Antique Armour Boutique.
  1847 | D:3      | Reached XP level 4. HP: 27/45 MP: 3/3
  2151 | D:3      | Found a burning altar of Makhleb.
  2152 | D:3      | Found a radiant altar of Vehumet.
  2349 | D:3      | Found a hazy altar of Hepliaklqana.
  2583 | D:4      | Reached XP level 5. HP: 39/53 MP: 4/4
  2757 | D:4      | Reached *** piety under Trog
  2764 | D:4      | Found a staircase to the Ecumenical Temple.
  2786 | D:4      | Found Zowkeo's Self-Improvement Boutique.
  2791 | D:4      | Noticed a phantom
  2817 | D:4      | Killed a phantom
  2818 | D:4      | Reached XP level 6. HP: 41/62 MP: 5/5
  3003 | D:4      | Reached skill level 5 in Unarmed Combat
  3248 | D:4      | Noticed Blork the orc
  3260 | D:4      | Killed Blork the orc
  3261 | D:4      | Reached XP level 7. HP: 71/71 MP: 6/6
  3326 | D:4      | Noticed Ijyb
  3333 | D:4      | Killed Ijyb
  4145 | D:3      | Gained mutation: You are strong-willed. (Will+) [potion of
                  | mutation]
  4145 | D:3      | Gained mutation: Your body sometimes deteriorates upon
                  | taking damage. [potion of mutation]
  4145 | D:3      | Gained mutation: You have large cloven feet. [potion of
                  | mutation]
  4729 | D:5      | Entered Level 5 of the Dungeon
  4733 | D:5      | Noticed Sigmund
  4739 | D:5      | Killed Sigmund
  4740 | D:5      | Reached skill level 5 in Fighting
  4949 | D:5      | Found a blossoming altar of Fedhas.
  4956 | D:5      | Reached XP level 8. HP: 80/80 MP: 7/7
  5072 | D:5      | Reached skill level 5 in Throwing
  5154 | D:5      | Found an opulent altar of Gozag.
  5298 | D:5      | Found an ancient bone altar of Kikubaaqudgha.
  5388 | D:5      | Found a sacrificial altar of Ru.
  6172 | D:6      | Reached XP level 9. HP: 89/89 MP: 8/8
  6289 | D:6      | Noticed a gargoyle
  6296 | D:6      | Killed a gargoyle
  7148 | D:7      | Identified the +3 chain mail of the Monk {Int+2}
  7180 | D:7      | Identified the ring of Autumn {rN+++ AC+4 Int-4 Slay+3}
  7215 | D:7      | Found a shadowy altar of Dithmenos.
  7474 | D:7      | Noticed Pikel
  7481 | D:7      | Killed Pikel
  7551 | D:7      | Found a flagged portal.
  7560 | Bailey   | Entered a bailey
  7567 | Bailey   | Noticed an orc knight
  7858 | Bailey   | Reached **** piety under Trog
  7875 | Bailey   | Killed an orc knight
  7876 | Bailey   | Reached XP level 10. HP: 38/102 MP: 2/9
  8481 | Bailey   | Identified 3 scrolls of acquirement
  8482 | Bailey   | Acquired a manual of Shields
  9418 | Temple   | Entered the Ecumenical Temple
  9918 | D:4      | Bought a manual of Throwing for 800 gold pieces
 10215 | D:8      | Found an ornate altar of the Wu Jian Council.
 10298 | D:8      | Noticed a deep elf pyromancer
 10378 | D:8      | Killed a deep elf pyromancer
 10458 | D:8      | Acquired the +3 tower shield of a volcano {rC+ Will- Str+4
                  | Int+3}
 10502 | D:8      | Found a broken altar of Ashenzari.
 10510 | D:8      | Noticed a cyclops
 10521 | D:8      | Killed a cyclops
 10660 | D:9      | Noticed a gargoyle
 10667 | D:9      | Killed a gargoyle
 10815 | D:9      | Found a runed translucent door.
 10820 | D:9      | Found a basalt altar of Yredelemnul.
 10847 | D:9      | Reached skill level 10 in Unarmed Combat
 10929 | D:9      | Found a staircase to the Orcish Mines.
 11256 | D:10     | Entered Level 10 of the Dungeon
 11565 | D:10     | Found a shimmering altar of Xom.
 11596 | D:10     | Reached skill level 10 in Throwing
 11599 | D:10     | Reached XP level 11. HP: 113/113 MP: 10/10
 12217 | D:11     | Noticed a death yak
 12224 | D:11     | Noticed a death yak
 12231 | D:11     | Killed a death yak
 12232 | D:11     | Reached skill level 1 in Shields
 12236 | D:11     | Killed a death yak
 12242 | D:11     | Noticed a death yak
 12249 | D:11     | Killed a death yak
 12251 | D:11     | Found a staircase to the Lair.
 12404 | D:11     | Noticed a two-headed ogre
 12406 | D:11     | Killed a two-headed ogre
 12895 | D:11     | Reached skill level 5 in Shields
 13238 | D:12     | Noticed an ettin
 13244 | D:12     | Killed an ettin
 13249 | D:12     | Noticed an eight-headed hydra
 13254 | D:12     | HP: 1/115 [nine-headed hydra (7)]
 13254 | D:12     | Mangled by a nine-headed hydra

Illustrated notes

Levels and vault maps discovered:
D:1:      lightli_iron_boxes, layout_loops_corners, serial_shops, shop,
          shapermc_ecumenical_altar_notcrosses, minmay_hedge_maze, minivault_24,
          minmay_misc_feat_cross
D:2:      layout_rooms, grunt_decor_resistance, item_on_display_a
D:3:      layout_loops_cross, mainiacjoe_overflow_boulevard,
          gammafunk_temple_overflow_arena,
          grunt_temple_overflow_lords_of_destruction, serial_shops,
          nicolae_shop_window_shopping, hangedman_feature_mirror,
          hangedman_decor_growths, serial_bayou_pond_d, minmay_misc_feat_room,
          minmay_misc_feat_plants
D:4:      layout_loops_corners, minmay_temple_entry_mist, serial_undead,
          serial_undead_a, serial_undead_b, serial_undead_c, serial_undead_c,
          nicolae_shop_self_help, uniq_ijyb, uniq_blork_the_orc
D:5:      layout_basic, nicolae_gozag_seed_capital,
          nicolae_ru_the_path_less_chosen, mainiacjoe_overflow_alcove_1,
          fedhas_altar_1, minmay_misc_feat_alley, uniq_sigmund
D:6:      layout_gridville
D:7:      layout_rooms, nicolae_dithmenos_shadow_blocks, enter_bailey_5,
          uniq_pikel
D:8:      layout_rooms, nicolae_overflow_crystal_walls,
          mainiacjoe_overflow_brackets, kennysheep_minor_cross
D:9:      layout_gridville, dk_yredelemnul_ordeal
D:10:     layout_cave_pools, xom_butterflies
D:11:     layout_rooms, dpeg_lair_monsters, centaur_isle
D:12:     giant_chief_lemuel, layout_basic, trog_hazing_becter
Temple:   jpeg_temple_island

Skill      XL: |  1  2  3  4  5  6  7  8  9 10 11 |
---------------+----------------------------------+-----
Fighting       | 3 4 5 6 7 8 9 |  9.3
Throwing       | 1 2 3 4 5 7 10 11 | 11.2
Unarmed Combat | 4 5 6 7 9 10 11 | 11.0
Shields        | 5 |  5.8
Dodging        | |  2.4

Action                   |  1- 3 |  4- 6 |  7- 9 | 10-12 || total
-------------------------+-------+-------+-------+-------++-------
Melee: Unarmed           |   216 |   129 |   188 |   129 ||   662
       Punch             |     8 |     3 |    13 |       ||    24
       Kick              |       |       |    38 |    37 ||    75
Throw: Stone             |       |     4 |     5 |     1 ||    10
       Dart              |       |     3 |     8 |       ||    11
       Javelin           |       |     1 |     9 |    13 ||    23
       Boomerang         |       |       |    20 |    57 ||    77
       Large rock        |       |       |       |    15 ||    15
Invok: Trog's Hand       |       |     3 |     8 |     9 ||    20
       Berserk           |       |     1 |     3 |     4 ||     8
  Use: Potion            |       |       |     5 |     1 ||     6
       Scroll            |       |       |     3 |    15 ||    18
 Stab: Sleeping          |       |     1 |     1 |       ||     2
       Invisible         |       |       |     1 |       ||     1
Armor: Animal skin       |    36 |    27 |    35 |       ||    98
       Robe              |       |       |       |    60 ||    60
Dodge: Dodged            |    49 |    46 |    80 |    36 ||   211
Block: Tower shield      |       |       |       |   109 ||   109

Table legend: (Time is in decaauts)
 A = Elapsed time spent in this place.
 B = Non-inter-level travel time spent in this place.
 C = Inter-level travel time spent in this place.
 D = Time resting spent in this place.
 E = Time spent auto-exploring this place.
 F = Levels seen in this place.
 G = Mean time per level.
                   A        B        C        D        E       F      G
               +--------+--------+--------+--------+--------+-----+--------+
         Total |  13356 |  12445 |    911 |   3647 |   5881 |  14 |  954.0 |
       Dungeon |  11424 |  10539 |    885 |   2955 |   5475 |  12 |  952.0 |
        Temple |    265 |    240 |     25 |      0 |    234 |   1 |  265.0 |
        Bailey |   1666 |   1666 |      0 |    691 |    172 |   1 | 1666.0 |
               +--------+--------+--------+--------+--------+-----+--------+

Top non-repeatable levels by time:
     D:3: 1671 daAuts
  Bailey: 1666 daAuts
     D:6: 1587 daAuts
     D:4: 1538 daAuts
    D:11: 1251 daAuts
     D:1: 1134 daAuts
     D:5: 1062 daAuts
    D:10: 750 daAuts
     D:7: 626 daAuts
     D:9: 620 daAuts
     D:8: 619 daAuts
     D:2: 546 daAuts
  Temple: 265 daAuts
    D:12: 16 daAuts
